 Dungeon Crawl Stone Soup version 0.30.0-20-g3b4254fcbd (webtiles) character file.

Game seed: 4071996599038006311

112 Sabo the Trooper (level 4, -1/37 HPs)
             Began as a Demonspawn Berserker on June 2, 2023.
             Was a Believer of Trog.
             Succumbed to superbruh's ghost's poison
             ... on level 3 of the Dungeon.
             The game lasted 00:14:50 (3046 turns).

Sabo the Trooper (Demonspawn Berserker)             Turns: 3046, Time: 00:14:51

Health: -1/37      AC: 12    Str: 20    XL:     4   Next: 63%
Magic:  4/4        EV:  8    Int:  8    God:    Trog [**....]
Gold:   227        SH:  0    Dex: 12    Spells: 3/3 levels left

rFire   . . .        n - +1 broad axe
rCold   . . .        (no shield)
rNeg    . . .        g - +4 chain mail
rPois   .            (no helmet)
rElec   .            (no cloak)
rCorr   .            (no gloves)
SInv    .            (no boots)
Will    .....        (no amulet) Stlth
                     (no ring)
HPRegen 0.26/turn    (no ring)
MPRegen 0.09/turn

%: no passive effects
@: mighty, lethally poisoned (-1 -> -16), about to teleport
A: foul stench 1, powered by pain 1
a: Renounce Religion, Berserk, Trog's Hand


You were on level 3 of the Dungeon.
You worshipped Trog.
Trog was pleased with you.
You visited 1 branch of the dungeon, and saw 4 of its levels.

You collected 227 gold pieces.

Inventory:

Hand Weapons
 n - a +1 broad axe (weapon)
 r - a +0 sling
Missiles
 j - 5 poisoned darts (quivered)
Armour
 g - a +4 chain mail (worn)
Jewellery
 u - an amulet of faith
Wands
 o - a wand of charming (7)
Scrolls
 b - a scroll of blinking
 h - 2 scrolls of teleportation
 l - a scroll of fear {unknown}
 p - a scroll of vulnerability {unknown}
 q - a scroll of magic mapping {unknown}
Potions
 a - a potion of heal wounds {unknown}
 c - 2 potions of flight {unknown}
 e - a potion of might
 f - a potion of magic {unknown}
 i - a potion of brilliance {unknown}
 m - a potion of berserk rage {unknown}
 s - a potion of lignification {unknown}
 v - a potion of degeneration {unknown}
 w - 2 potions of curing {unknown}


   Skills:
 + Level 3.8 Fighting
 + Level 3.8 Axes
 + Level 2.2 Armour
 + Level 2.2 Dodging
 + Level 0.1 Stealth


You had 3 spell levels left.
You didn't know any spells.
Your spell library was empty.

Dungeon Overview and Level Annotations

Branches:
Dungeon (4/15)
 Temple: D:4-7

Altars:
Fedhas
Kikubaaqudgha
Qazlal

Annotations:
D:3 superbruh's ghost, amateur DjEn


Innate Abilities, Weirdness & Mutations

You may rarely emit foul miasma when damaged in melee.
You sometimes gain a little power by taking damage.


Message History

You feel sick.
You are no longer poisoned.
You closely miss superbruh's ghost.
Superbruh's ghost hits you but does no damage.
You are poisoned.
The cerulean imp hits you from afar with a +0 spear.
Superbruh's ghost gestures at you while chanting.
You fall asleep.
You feel sick.
The cerulean imp hits you from afar with a +0 spear!
You wake up.
Superbruh's ghost hits you.
You barely miss superbruh's ghost.
You feel sick. The cerulean imp barely misses you.
Superbruh's ghost hits you but does no damage.
The cerulean imp barely misses you.
You miss superbruh's ghost.
You feel sick. Superbruh's ghost hits you. The cerulean imp barely misses you.
You closely miss superbruh's ghost.
You feel sick.
You are no longer poisoned.
Superbruh's ghost hits you but does no damage.
You are poisoned.
The cerulean imp closely misses you. Superbruh's ghost barely misses you.
You completely miss superbruh's ghost.
* * * LOW HITPOINT WARNING * * *
You feel very sick.
The cerulean imp hits you but does no damage.
Superbruh's ghost hits you.
* * * LOW HITPOINT WARNING * * *
The cerulean imp hits you from afar with a +0 spear.
* * * LOW HITPOINT WARNING * * *
As you read the scroll of teleportation, it crumbles to dust.
You feel strangely unstable.
* * * LOW HITPOINT WARNING * * *
You feel sick.
Superbruh's ghost hits you but does no damage.
You are more poisoned.
The cerulean imp hits you but does no damage.
It was a potion of might.
You feel very mighty all of a sudden.
You die...

####........# #.########.#.#
........###.# ####.########.#.#
............####...).<.....†...#
.###.#..###.#......<.........###
..##.#..###.#.##.#..#.########
..##.....##.#.##.#..#.#
..##.###.##.#.#..#..#.# .....#
#........########
####.###........@W55~?~#
####...........†########
............#.#..## #.#
####.....##.#.##.# #.#
#.....##.#.##.####.#
###.####...........# # #.#
####.######## # #.# #.# ## #.#
#.#


You could see superbruh's ghost and 2 cerulean imps.

Vanquished Creatures
  6 adders (D:3)
  A worm (D:2)
  5 ball pythons
  3 endoplasms
  A giant cockroach (D:2)
  7 goblins
  8 hobgoblins
  4 jackals (D:1)
  3 quokkas
  6 bats
  A frilled lizard (D:2)
  3 kobolds
  5 rats
53 creatures vanquished.

Notes
Turn   | Place    | Note
-------+----------+-------------------------------------------
     0 | D:1      | Sabo the Demonspawn Berserker began the quest for the Orb.
     0 | D:1      | Reached XP level 1. HP: 18/18 MP: 1/1
   254 | D:1      | Gained mutation: You sometimes gain a little power by
                  | taking damage. [demonic ancestry]
   254 | D:1      | Reached XP level 2. HP: 14/24 MP: 2/2
  1151 | D:2      | Gained mutation: You may rarely emit foul miasma when
                  | damaged in melee. [demonic ancestry]
  1151 | D:2      | Reached XP level 3. HP: 29/29 MP: 3/3
  1270 | D:2      | You fall into a shaft and drop 2 floors!
  1284 | D:3      | Reached ** piety under Trog
  1327 | D:3      | Found a runed translucent door.
  2194 | D:3      | Noticed superbruh's ghost (amateur DjEn)
  2279 | D:3      | Found a stormy altar of Qazlal.
  2310 | D:3      | Reached XP level 4. HP: 32/36 MP: 4/4
  2705 | D:3      | Found a blossoming altar of Fedhas.
  2706 | D:3      | Found an ancient bone altar of Kikubaaqudgha.
  3046 | D:3      | Succumbed to superbruh's ghost's poison

Illustrated notes

Levels and vault maps discovered:
D:1:      erik_arrival_cave_to_civilisation [erik_arrival_cave_to_hall],
          layout_basic, minmay_tetromino_s4
D:2:      layout_loops_cross
D:3:      layout_loops_ring, amcnicky_altar_gilded,
          grunt_temple_overflow_growth_and_decay, ebering_ghost_sewer_d,
          minmay_misc_feat_pillars
D:4:      layout_loops_ring, serial_shops, shop

Skill      XL: |  1  2  3 |
---------------+----------+-----
Axes           | 3 |  3.8
Dodging        | 2 |  2.2
Armour         | 2 |  2.2
Fighting       | |  3.8
Stealth        | |  0.1

Action                     |  1- 3 |  4- 6 || total
---------------------------+-------+-------++-------
  Melee: Hand axe          |    91 |       ||    91
         Punch             |     1 |       ||     1
         Broad axe         |    38 |    33 ||    71
    Use: Scroll            |     2 |     7 ||     9
         Potion            |       |     1 ||     1
   Stab: Sleeping          |     1 |       ||     1
 Armour: Animal skin       |     9 |       ||     9
         Chain mail        |    71 |    35 ||   106
  Dodge: Dodged            |    89 |    30 ||   119
